 Dungeon Crawl Stone Soup version 0.25.0-1-g7eea58d (webtiles) character file.

Game seed: 11152829525012945474

65 lyrin the Insei (level 4, 0/25 HPs)
             Began as a Kobold Transmuter on June 14, 2020.
             Slain by a white imp (3 damage)
             ... summoned by Natasha
             ... on level 2 of the Dungeon.
             The game lasted 00:03:07 (2545 turns).

lyrin the Insei (Kobold Transmuter)                 Turns: 2545, Time: 00:03:08

Health: 0/25       AC:  2    Str:  8    XL:     4   Next: 34%
Magic:  6/8        EV: 15    Int: 14    God:
Gold:   110        SH:  0    Dex: 15    Spells: 5/8 levels left

rFire    . . .     SeeInvis .     - Unarmed
rCold    . . .     Gourm    .   (shield restricted)
rNeg     . . .     Faith    .   b - +0 robe
rPois    .         Spirit   .   (no helmet)
rElec    .         Reflect  .   (no cloak)
rCorr    .         Harm     .   (no gloves)
MR       .....                  (no boots)
Stlth    +.........             (no amulet)
HPRegen  0.08/turn              (no ring)
MPRegen  0.11/turn              (no ring)

@: no status effects
A: small, carnivore
a: no special abilities


You were on level 2 of the Dungeon.
You were completely stuffed.

You visited 1 branch of the dungeon, and saw 2 of its levels.

You collected 110 gold pieces.

Inventory:

Missiles
 a - 32 arrows
Armour
 b - a +0 robe (worn)
Scrolls
 c - 2 scrolls of immolation {unknown}
 e - 2 scrolls of enchant armour {unknown}
 h - a scroll of identify {unknown}
 i - 2 scrolls of fear {unknown}
Comestibles
 d - 3 rations
 f - 3 chunks of flesh


   Skills:
 + Level 1.1 Fighting
 + Level 2.9 Dodging
 + Level 4.0 Unarmed Combat
 + Level 2.8 Spellcasting
 + Level 2.4 Transmutations


You had 5 spell levels left.
You knew the following spells:

 Your Spells              Type           Power        Failure   Level  Hunger
a - Beastly Appendage     Tmut           #.....       9%          1    #......
b - Sticks to Snakes      Tmut           #.......     12%         2    ##.....

Your spell library contained the following spells:

 Spells                   Type           Power        Failure   Level  Hunger
 Spider Form              Tmut/Pois      #.........   36%         3    ###....
 Ice Form                 Ice/Tmut       #.......     78%         4    #####..
 Blade Hands              Tmut           #.........   92%         5    ######.


Dungeon Overview and Level Annotations

Branches:
Dungeon (2/15)

Altars:

Annotations:
D:2 Natasha


Innate Abilities, Weirdness & Mutations

You are small and have problems with some larger weapons.
You are carnivorous and can eat meat at any time.


Message History

Your ball python constricts Natasha.
The white imp hits you. The white imp freezes you.
You hit Natasha. You punch Natasha.
Natasha is heavily wounded.
Natasha claws you.
* * * LOW HITPOINT WARNING * * *
Your ball python bites Natasha but does no damage.
Your ball python constricts Natasha.
The white imp gestures at you. The puff of frost misses you.
The puff of frost hits your ball python!
Your ball python dies!
You hit Natasha.
Natasha is almost dead.
Natasha casts a spell.
The white imp misses you.
You hit Natasha but do no damage.
Natasha is almost dead.
Natasha misses you. The white imp hits you.
You die...

#.#........... #.#
#.####......... #.#
.....'......... #.# #
#.####......... #.# .#
#'####.........######.# .#
.....................[###.##
...........................#
)...............#..........#
#........#..#.#5@.......#.##
########.#..#.###h#####.# #
#......# #.5h........#
..รท....# ######.######
#.######.# .... ..........
.....## #.####.#.# #######
........... ..####.#...#


You could see Natasha and a white imp (summoned).

Vanquished Creatures
  2 adders (D:2)
  3 dart slugs
  2 leopard geckos
  A giant cockroach (D:2)
  6 hobgoblins
  4 kobolds (D:1)
  A ball python (D:2)
  5 bats
  2 frilled lizards (D:2)
  3 goblins
  4 rats
33 creatures vanquished.

Vanquished Creatures (collateral kills)
  A gnoll (D:1)
  An adder (D:2)
  2 rats (D:2)
4 creatures vanquished.

Grand Total: 37 creatures vanquished

Notes
Turn   | Place    | Note
-------+----------+-------------------------------------------
     0 | D:1      | lyrin the Kobold Transmuter began the quest for the Orb.
     0 | D:1      | Reached XP level 1. HP: 12/12 MP: 3/3
   138 | D:1      | Reached XP level 2. HP: 14/16 MP: 3/5
   142 | D:1      | Learned a level 2 spell: Sticks to Snakes
   851 | D:1      | Reached XP level 3. HP: 16/20 MP: 6/6
  1898 | D:2      | Reached XP level 4. HP: 21/25 MP: 8/8
  2363 | D:2      | Reached skill level 4 in Unarmed Combat
  2531 | D:2      | Noticed Natasha
  2545 | D:2      | Slain by a white imp

Illustrated notes

Levels and vault maps discovered:
D:1:      tarquinn_simple_flora_water_e, layout_loops_corners
D:2:      layout_basic, uniq_natasha

Skill      XL: |  1  2  3  4 |
---------------+-------------+-----
Unarmed Combat | 4 |  4.0
Fighting       | |  1.1
Dodging        | |  2.9
Spellcasting   | |  2.8
Transmutations | |  2.4

Action                   |  1- 3 |  4- 6 || total
-------------------------+-------+-------++-------
Melee: Unarmed           |    77 |    36 ||   113
       Headbutt          |     4 |       ||     4
       Kick              |     5 |       ||     5
       Punch             |     1 |     1 ||     2
 Cast: Beastly Appendage |     7 |       ||     7
       Sticks to Snakes  |     4 |     4 ||     8
  Use: Potion            |     2 |       ||     2
 Stab: Sleeping          |     1 |       ||     1
  Eat: Chunk             |    12 |     2 ||    14
Armor: Robe              |     8 |     2 ||    10
Dodge: Dodged            |    73 |    26 ||    99
